APP
OREM OWLZ @ GREAT FALLS VOYAGERS
06/19/2046
 
TOP OF THE 1ST
Orem Owlz batting - Pitching for Great Falls Voyagers : LHP Nick Hamlin
Pitching: LHP Nick Hamlin
Batting: RHB Jon Shonka 0-0: Ground out 6-3 (Groundball, 6, EV 96.2 MPH)
Batting: RHB Dan Burkhart 0-0: Called Strike
0-1: Swinging Strike
0-2: Ball
1-2: Strikes out swinging
Batting: RHB Juan Montez 0-0: Called Strike
0-1: Ball
1-1: Swinging Strike
1-2: Strikes out looking
Top of the 1st over - 0 runs, 0 hits, 0 errors, 0 left on base; Orem 0 - Great Falls 0
BOTTOM OF THE 1ST
Great Falls Voyagers batting - Pitching for Orem Owlz : RHP Lense Heus
Pitching: RHP Lense Heus
Batting: SHB Jay Gagnon 0-0: Called Strike
0-1: Fly out, F6 (Line Drive, 6M, EV 86.2 MPH)
Batting: RHB Mike Rosa 0-0: Ball
1-0: Ball
2-0: Ball
3-0: Base on Balls
Batting: RHB Duncan Collins 0-0: Called Strike
0-1: Foul Ball, location: 2F
0-2: Strikes out looking
Mike Rosa is caught stealing 2nd base 2-4
Batter strikes out.
Bottom of the 1st over - 0 runs, 0 hits, 0 errors, 0 left on base; Orem 0 - Great Falls 0
TOP OF THE 2ND
Orem Owlz batting - Pitching for Great Falls Voyagers : LHP Nick Hamlin
Batting: RHB Peter Westover 0-0: Swinging Strike
0-1: Foul Ball, location: 2F
0-2: Ball
1-2: Strikes out swinging
Batting: RHB Sean Rocha 0-0: Swinging Strike
0-1: Called Strike
0-2: Fly out, F7 (Flyball, 7D, EV 105.0 MPH)
Batting: RHB Ricky Mejicanos 0-0: Called Strike
0-1: Ball
1-1: Swinging Strike
1-2: Foul Ball, location: 2F
1-2: Strikes out looking
Top of the 2nd over - 0 runs, 0 hits, 0 errors, 0 left on base; Orem 0 - Great Falls 0
BOTTOM OF THE 2ND
Great Falls Voyagers batting - Pitching for Orem Owlz : RHP Lense Heus
Batting: RHB Mitch Cuadros 0-0: Foul Ball, location: 2F
0-1: Ball
1-1: Foul Ball, location: 2F
1-2: Ball
2-2: Foul Ball, location: 2F
2-2: Ball
3-2: Foul Ball, location: 2F
3-2: Base on Balls
Batting: RHB Jake Feinstein 0-0: Called Strike
0-1: Foul Ball, location: 2F
0-2: Ball
1-2: Ball
2-2: SINGLE (Line Drive, 89S, EV 108.1 MPH)
Mitch Cuadros to second
Batting: RHB David Rhodes 0-0: Called Strike
0-1: Called Strike
0-2: Ball
1-2: Fielders Choice at 2nd, 5-4 (Groundball, 5, EV 88.8 MPH)
Mitch Cuadros to third
Batting: SHB Jose Romo 0-0: Swinging Strike
0-1: Ball
1-1: Ball
2-1: Ball
3-1: Foul Ball, location: 2F
3-2: Fly out, F4 (Popup, 34D, EV 43.1 MPH)
Batting: RHB Billy Grubbs 0-0: Called Strike
0-1: DOUBLE (Groundball, 5L, EV 105.6 MPH)
Mitch Cuadros scores
David Rhodes to third
Batting: RHB Vladmiri Nugaibekov 0-0: Ball
1-0: Ball
2-0: Fly out, F9 (Flyball, 89D, EV 94.4 MPH)
Bottom of the 2nd over - 1 run, 2 hits, 0 errors, 2 left on base; Orem 0 - Great Falls 1
TOP OF THE 3RD
Orem Owlz batting - Pitching for Great Falls Voyagers : LHP Nick Hamlin
Batting: RHB Nick Lombardo 0-0: Ball
1-0: Ball
2-0: Ball
3-0: Base on Balls
Batting: LHB Alberto Carrillo 0-0: Foul Ball, location: 2F
0-1: Foul Ball, location: 2F
0-2: Ball
1-2: Strikes out swinging
Batting: RHB Kyle Gray 0-0: Called Strike
0-1: Ball
1-1: Ball
2-1: Swinging Strike
Nick Lombardo is caught stealing 2nd base 2-4
2-2: Foul Ball, location: 2F
2-2: Ball
3-2: Foul Ball, location: 2F
3-2: Base on Balls
Batting: RHB Jon Shonka 0-0: Called Strike
0-1: Ball
1-1: Ball
2-1: Ball
3-1: Foul Ball, location: 2F
3-2: Base on Balls
Kyle Gray to second
Batting: RHB Dan Burkhart 0-0: Called Strike
0-1: Ball
1-1: Called Strike
1-2: Foul Ball, location: 2F
1-2: Foul Ball, location: 2F
1-2: Strikes out swinging
Top of the 3rd over - 0 runs, 0 hits, 0 errors, 2 left on base; Orem 0 - Great Falls 1
BOTTOM OF THE 3RD
Great Falls Voyagers batting - Pitching for Orem Owlz : RHP Lense Heus
Batting: SHB Jay Gagnon 0-0: Foul Ball, location: 2F
0-1: Ball
1-1: Foul Ball, location: 2F
1-2: Fly out, F9 (Flyball, 89D, EV 95.6 MPH)
Batting: RHB Mike Rosa 0-0: Ball
1-0: Foul Ball, location: 2F
1-1: Called Strike
1-2: Ball
2-2: Foul Ball, location: 2F
2-2: Ball
3-2: Base on Balls
Batting: RHB Duncan Collins 0-0: Called Strike
0-1: Foul Ball, location: 2F
0-2: Ball
1-2: Foul Ball, location: 2F
1-2: Fly out, F8 (Flyball, 8RS, EV 90.6 MPH)
Batting: RHB Mitch Cuadros 0-0: Ball
Mike Rosa is caught stealing 2nd base 2-4
Bottom of the 3rd over - 0 runs, 0 hits, 0 errors, 0 left on base; Orem 0 - Great Falls 1
TOP OF THE 4TH
Orem Owlz batting - Pitching for Great Falls Voyagers : LHP Nick Hamlin
Batting: RHB Juan Montez 0-0: Ball
1-0: Called Strike
1-1: Ball
2-1: Foul Ball, location: 2F
2-2: Strikes out swinging
Batting: RHB Peter Westover 0-0: Foul Ball, location: 2F
0-1: Ball
1-1: Foul Ball, location: 2F
1-2: Strikes out swinging
Batting: RHB Sean Rocha 0-0: Ball
1-0: Ball
2-0: Ground out 5-3 (Groundball, 56S, EV 88.8 MPH)
Top of the 4th over - 0 runs, 0 hits, 0 errors, 0 left on base; Orem 0 - Great Falls 1
BOTTOM OF THE 4TH
Great Falls Voyagers batting - Pitching for Orem Owlz : RHP Lense Heus
Batting: RHB Mitch Cuadros 0-0: Ball
1-0: Ball
2-0: Called Strike
2-1: SINGLE (Flyball, 5D, EV 87.5 MPH)
Batting: RHB Jake Feinstein 0-0: Called Strike
0-1: Ball
1-1: Called Strike
1-2: DOUBLE (Line Drive, 9LS, EV 105.6 MPH)
Mitch Cuadros to third
Batting: RHB David Rhodes 0-0: Ball
1-0: Called Strike
1-1: Ball
2-1: Ball
3-1: Called Strike
3-2: Foul Ball, location: 2F
3-2: Base on Balls
Batting: SHB Jose Romo 0-0: GRAND SLAM HOME RUN (Flyball, 9D, EV 100.6 MPH), Distance : 372 ft
Pitching: RHP Kunihiro Sasaki
Batting: RHB Billy Grubbs 0-0: Called Strike
0-1: Hit by Pitch
Batting: RHB Vladmiri Nugaibekov 0-0: Called Strike
0-1: Ball
Billy Grubbs steals 2nd base
1-1: Ball
2-1: Foul Ball, location: 2F
2-2: Ball
3-2: Foul Ball, location: 2F
3-2: Base on Balls
Batting: SHB Jay Gagnon 0-0: Foul Ball, location: 2F
0-1: Foul Ball, location: 2F
0-2: Ball
1-2: Foul Ball, location: 2F
1-2: Ball
2-2: Ball
3-2: Foul Ball, location: 2F
3-2: Base on Balls
Billy Grubbs to third
Vladmiri Nugaibekov to second
Batting: RHB Mike Rosa 0-0: Ball
1-0: SINGLE (Groundball, 6D, EV 104.4 MPH)
Billy Grubbs scores
Vladmiri Nugaibekov to third
Jay Gagnon to second
Runner from 3rd tries for Home, SAFE, throw by CF to home
Pitching: RHP Victor Padilla
Batting: RHB Duncan Collins 0-0: Ball
1-0: 3-RUN HOME RUN (Flyball, 78XD, EV 106.2 MPH), Distance : 404 ft
Batting: RHB Mitch Cuadros 0-0: Ball
1-0: SOLO HOME RUN (Flyball, 78XD, EV 102.5 MPH), Distance : 404 ft
Batting: RHB Jake Feinstein 0-0: DOUBLE (Line Drive, 78D, EV 105.6 MPH)
Batting: RHB David Rhodes 0-0: Swinging Strike
0-1: 2-RUN HOME RUN (Flyball, 7D, EV 96.2 MPH), Distance : 382 ft
Pitching: RHP Trevor Kingston
Batting: SHB Jose Romo 0-0: Foul Ball, location: 2F
0-1: Ball
1-1: Ball
2-1: Ball
3-1: Base on Balls
Batting: RHB Billy Grubbs 0-0: Ball
1-0: Called Strike
Balk!
Jose Romo to second
1-1: Ball
2-1: Ball
3-1: Called Strike
3-2: Base on Balls
Batting: RHB Vladmiri Nugaibekov 0-0: Called Strike
0-1: Swinging Strike
0-2: Strikes out swinging
Batting: SHB Jay Gagnon 0-0: Ball
1-0: SINGLE (Groundball, 25, EV 77.5 MPH) (infield hit)
Jose Romo to third
Billy Grubbs to second
Batting: RHB Mike Rosa 0-0: Swinging Strike
0-1: Ball
1-1: Ball
2-1: Foul Ball, location: 2F
2-2: Ball
3-2: Foul Ball, location: 2F
3-2: Foul Ball, location: 2F
3-2: Strikes out swinging
Batting: RHB Duncan Collins 0-0: Called Strike
0-1: Ball
1-1: Ball
2-1: Ball
3-1: Base on Balls
Jose Romo scores
Billy Grubbs to third
Jay Gagnon to second
Batting: RHB Mitch Cuadros 0-0: Ball
Passed Ball!
Billy Grubbs scores
Jay Gagnon to third
Duncan Collins to second
1-0: Ball
2-0: Called Strike
2-1: Called Strike
2-2: Foul Ball, location: 2F
2-2: Strikes out swinging
Bottom of the 4th over - 14 runs, 9 hits, 0 errors, 2 left on base; Orem 0 - Great Falls 15
TOP OF THE 5TH
Orem Owlz batting - Pitching for Great Falls Voyagers : LHP Nick Hamlin
Batting: RHB Ricky Mejicanos 0-0: Ball
1-0: Called Strike
1-1: Ball
2-1: Swinging Strike
2-2: Ball
3-2: Base on Balls
Batting: RHB Nick Lombardo 0-0: Called Strike
0-1: Ball
1-1: Foul Ball, location: 2F
1-2: Strikes out swinging
Batting: LHB Alberto Carrillo 0-0: Foul Ball, location: 2F
0-1: Foul Ball, location: 2F
0-2: Strikes out swinging
Batting: RHB Kyle Gray 0-0: Ball
1-0: Ball
Ricky Mejicanos steals 2nd base
2-0: Foul Ball, location: 2F
2-1: Fly out, F4 (Popup, 23, EV 83.1 MPH)
Top of the 5th over - 0 runs, 0 hits, 0 errors, 1 left on base; Orem 0 - Great Falls 15
BOTTOM OF THE 5TH
Great Falls Voyagers batting - Pitching for Orem Owlz : RHP Trevor Kingston
Batting: RHB Jake Feinstein 0-0: Ball
1-0: Called Strike
1-1: Ball
2-1: Foul Ball, location: 2F
2-2: Ball
3-2: Foul Ball, location: 2F
3-2: Foul Ball, location: 2F
3-2: Base on Balls
Batting: RHB David Rhodes 0-0: Swinging Strike
0-1: Ball
1-1: Fly out, F4 (Popup, 3D, EV 69.4 MPH)
Pitching: LHP Yee Koh
Batting: SHB Jose Romo 0-0: Called Strike
0-1: Ball
1-1: TRIPLE (Line Drive, 89XD, EV 105.0 MPH)
Jake Feinstein scores
Batting: RHB Billy Grubbs 0-0: Called Strike
0-1: Called Strike
0-2: Strikes out swinging
Batting: RHB Vladmiri Nugaibekov 0-0: Ball
1-0: Ground out 4-3 (Groundball, 4, EV 93.1 MPH)
Bottom of the 5th over - 1 run, 1 hit, 0 errors, 1 left on base; Orem 0 - Great Falls 16
TOP OF THE 6TH
Orem Owlz batting - Pitching for Great Falls Voyagers : LHP Nick Hamlin
Batting: RHB Jon Shonka 0-0: SINGLE (Line Drive, 3D, EV 96.9 MPH)
Batting: RHB Dan Burkhart 0-0: Ball
1-0: Called Strike
1-1: Swinging Strike
1-2: Ball
2-2: Ball
3-2: Foul Ball, location: 2F
3-2: Fly out, F9 (Flyball, 89S, EV 87.5 MPH)
Batting: RHB Juan Montez 0-0: Ball
1-0: Ball
Jon Shonka is caught stealing 2nd base 2-4
2-0: Ball
3-0: Base on Balls
Batting: RHB Peter Westover 0-0: Called Strike
0-1: Swinging Strike
0-2: Ball
1-2: Strikes out swinging, 2-3 out at first.
Top of the 6th over - 0 runs, 1 hit, 0 errors, 1 left on base; Orem 0 - Great Falls 16
BOTTOM OF THE 6TH
Great Falls Voyagers batting - Pitching for Orem Owlz : LHP Yee Koh
Batting: SHB Jay Gagnon 0-0: Foul Ball, location: 2F
0-1: Ground out 6-3 (Groundball, 6, EV 88.1 MPH)
Batting: RHB Mike Rosa 0-0: Called Strike
0-1: Ball
1-1: Foul Ball, location: 2F
1-2: SOLO HOME RUN (Flyball, 78XD, EV 106.9 MPH), Distance : 418 ft
Batting: RHB Duncan Collins 0-0: Ball
1-0: Foul Ball, location: 2F
1-1: Called Strike
1-2: SINGLE (Line Drive, 89S, EV 98.8 MPH)
Pitching: RHP Javier Carrasco
Batting: RHB Mitch Cuadros 0-0: Called Strike
0-1: Ball
1-1: Called Strike
1-2: Strikes out looking
Batting: RHB Jake Feinstein 0-0: Ball
1-0: Ground out 3-1 (Groundball, 34, EV 81.9 MPH)
Bottom of the 6th over - 1 run, 2 hits, 0 errors, 1 left on base; Orem 0 - Great Falls 17
TOP OF THE 7TH
Orem Owlz batting - Pitching for Great Falls Voyagers : LHP Nick Hamlin
Batting: RHB Sean Rocha 0-0: Hit by Pitch
Pitching: LHP Ray Sowers
Batting: RHB Ricky Mejicanos 0-0: Ball
Sean Rocha steals 2nd base (no throw)
1-0: Called Strike
1-1: Foul Ball, location: 2F
1-2: Foul Ball, location: 2F
1-2: Ball
Wild Pitch!
Sean Rocha to third
2-2: Ground out 2-3 (Groundball, 15S, EV 64.4 MPH)
Batting: RHB Nick Lombardo 0-0: Swinging Strike
0-1: Ball
Wild Pitch!
Sean Rocha scores
1-1: Ball
2-1: Ball
3-1: Called Strike
3-2: SINGLE (Line Drive, 89S, EV 93.1 MPH)
Batting: LHB Alberto Carrillo 0-0: Ball
1-0: Called Strike
1-1: Called Strike
Nick Lombardo steals 2nd base (no throw)
1-2: Ball
2-2: Foul Ball, location: 2F
2-2: Foul Ball, location: 2F
2-2: Ball
3-2: Base on Balls
Batting: RHB Kyle Gray 0-0: Foul Ball, location: 2F
0-1: Swinging Strike
0-2: Foul Ball, location: 2F
0-2: SINGLE (Line Drive, 6MD, EV 102.5 MPH)
Nick Lombardo to third
Alberto Carrillo to second
Batting: RHB Jon Shonka 0-0: Ball
1-0: Ball
Wild Pitch!
Nick Lombardo scores
Alberto Carrillo to third
Kyle Gray to second
2-0: Ball
3-0: Base on Balls
Batting: RHB Dan Burkhart 0-0: Foul Ball, location: 2F
0-1: Fielders Choice at 2nd, 4-6 (Groundball, 4M, EV 89.4 MPH)
Alberto Carrillo scores
Kyle Gray to third
Batting: RHB Juan Montez 0-0: Swinging Strike
0-1: Ball
1-1: Ball
2-1: Swinging Strike
2-2: Strikes out swinging
Top of the 7th over - 3 runs, 2 hits, 0 errors, 2 left on base; Orem 3 - Great Falls 17
BOTTOM OF THE 7TH
Great Falls Voyagers batting - Pitching for Orem Owlz : RHP Javier Carrasco
Batting: RHB David Rhodes 0-0: Ball
1-0: Swinging Strike
1-1: Ball
2-1: Foul Ball, location: 2F
2-2: Ball
3-2: Base on Balls
Batting: SHB Jose Romo 0-0: Ground out U3 (Groundball, 3S, EV 71.2 MPH)
David Rhodes to second
Batting: RHB Billy Grubbs 0-0: Ball
1-0: Ball
2-0: Ball
3-0: Base on Balls
Batting: RHB Vladmiri Nugaibekov 0-0: Called Strike
0-1: SINGLE (Groundball, 34D, EV 101.2 MPH)
David Rhodes to third
Billy Grubbs to second
Pitching: RHP Dean Aspden
Pinch Hitting: RHB Andy Cotton 0-0: Ball
1-0: Ball
2-0: Ball
3-0: Base on Balls
David Rhodes scores
Billy Grubbs to third
Vladmiri Nugaibekov to second
Batting: RHB Mike Rosa 0-0: Foul Ball, location: 2F
0-1: Called Strike
0-2: Grounds into double play, 3-6-3 (Groundball, 34, EV 80.6 MPH)
Bottom of the 7th over - 1 run, 1 hit, 0 errors, 2 left on base; Orem 3 - Great Falls 18
TOP OF THE 8TH
Orem Owlz batting - Pitching for Great Falls Voyagers : LHP Ray Sowers
Now in CF: Andy Cotton
Batting: RHB Peter Westover 0-0: Ball
1-0: Foul Ball, location: 2F
1-1: Ball
2-1: Swinging Strike
2-2: Strikes out looking
Pitching: RHP Alec Guglielmo
Batting: RHB Sean Rocha 0-0: Fly out, F8 (Flyball, 8LS, EV 86.9 MPH)
Batting: RHB Ricky Mejicanos 0-0: Called Strike
0-1: Foul Ball, location: 2F
0-2: Foul Ball, location: 2F
0-2: Fly out, F9 (Flyball, 9S, EV 83.8 MPH)
Top of the 8th over - 0 runs, 0 hits, 0 errors, 0 left on base; Orem 3 - Great Falls 18
BOTTOM OF THE 8TH
Great Falls Voyagers batting - Pitching for Orem Owlz : RHP Dean Aspden
Batting: RHB Duncan Collins 0-0: Called Strike
0-1: Ball
1-1: Foul Ball, location: 2F
1-2: SOLO HOME RUN (Flyball, 7LD, EV 96.9 MPH), Distance : 350 ft
DELAY Rain delay of 21 minutes in the 8th inning.
Batting: SHB Ethan Villalobos 0-0: Ball
1-0: Ball
2-0: SINGLE (Flyball, 7LS, EV 93.8 MPH)
Batting: RHB Jake Feinstein 0-0: Ball
1-0: Ball
2-0: Called Strike
2-1: Foul Ball, location: 2F
2-2: Foul Ball, location: 2F
2-2: Fly out, F7 (Flyball, 78M, EV 88.8 MPH)
Pitching: RHP Jim Sawicki
Batting: RHB David Rhodes 0-0: Ball
1-0: Ball
2-0: Ball
3-0: Called Strike
3-1: Foul Ball, location: 2F
3-2: Foul Ball, location: 2F
3-2: Foul Ball, location: 2F
3-2: Foul Ball, location: 2F
3-2: Foul Ball, location: 2F
3-2: Foul Ball, location: 2F
3-2: Foul Ball, location: 2F
3-2: Base on Balls
Ethan Villalobos to second
Batting: SHB Jose Romo 0-0: Called Strike
0-1: Ball
1-1: Ball
2-1: Ball
3-1: Base on Balls
Ethan Villalobos to third
David Rhodes to second
Batting: RHB Billy Grubbs 0-0: Ball
1-0: Ball
2-0: Ball
3-0: Base on Balls
Ethan Villalobos scores
David Rhodes to third
Jose Romo to second
Pitching: LHP Kichizo Nakazawa
Batting: RHB Vladmiri Nugaibekov 0-0: SINGLE (Groundball, 34D, EV 96.9 MPH)
David Rhodes scores
Jose Romo to third
Billy Grubbs to second
Runner from 3rd tries for Home, SAFE, throw by RF to home
Batting: RHB Andy Cotton 0-0: Ball
1-0: Called Strike
1-1: Ball
2-1: Called Strike
2-2: Ball
3-2: Base on Balls
Billy Grubbs to third
Vladmiri Nugaibekov to second
Batting: RHB Mike Rosa 0-0: Ball
1-0: Ball
2-0: Ball
3-0: Called Strike
3-1: Base on Balls
Billy Grubbs scores
Vladmiri Nugaibekov to third
Andy Cotton to second
Batting: RHB Duncan Collins 0-0: Ball
1-0: Hit by Pitch
Vladmiri Nugaibekov scores
Andy Cotton to third
Mike Rosa to second
Batting: SHB Ethan Villalobos 0-0: Ball
1-0: Ball
2-0: SINGLE (Groundball, 6MD, EV 106.9 MPH)
Andy Cotton scores
Mike Rosa to third
Duncan Collins to second
Runner from 3rd tries for Home, SAFE, throw by CF to home
Batting: RHB Jake Feinstein 0-0: Called Strike
0-1: Foul Ball, location: 2F
0-2: Ball
1-2: Ball
2-2: Ball
3-2: Base on Balls
Duncan Collins to third
Ethan Villalobos to second
Pitching: LHP Lee Wendt
Batting: RHB David Rhodes 0-0: Called Strike
0-1: Ball
1-1: Foul Ball, location: 2F
1-2: DOUBLE (Line Drive, 89D, EV 106.2 MPH)
Duncan Collins scores
Ethan Villalobos scores
Jake Feinstein to third
Batting: SHB Jose Romo 0-0: Foul Ball, location: 2F
0-1: Ball
1-1: Ball
2-1: Ball
3-1: Fly out, F8 (Flyball, 8LD, EV 101.2 MPH)
Runner from 3rd tags up, SCORES, throw by CF
David Rhodes to third
Batting: RHB Billy Grubbs 0-0: Ball
1-0: Called Strike
1-1: Swinging Strike
1-2: Ball
2-2: Ball
3-2: Base on Balls
Batting: RHB Vladmiri Nugaibekov 0-0: Ground out 2-3 (Groundball, 13S, EV 64.4 MPH)
Bottom of the 8th over - 11 runs, 5 hits, 0 errors, 2 left on base; Orem 3 - Great Falls 29
TOP OF THE 9TH
Orem Owlz batting - Pitching for Great Falls Voyagers : RHP Alec Guglielmo
Batting: RHB Nick Lombardo 0-0: Called Strike
0-1: Foul Ball, location: 2F
0-2: Strikes out swinging, 2-3 out at first.
Batting: LHB Alberto Carrillo 0-0: Called Strike
0-1: Ball
1-1: Ball
2-1: Foul Ball, location: 2F
2-2: DOUBLE (Line Drive, 78D, EV 100.0 MPH)
Batting: RHB Kyle Gray 0-0: Ball
1-0: Foul Ball, location: 2F
1-1: Called Strike
1-2: Foul Ball, location: 2F
1-2: Ball
2-2: Ground out U3 (Groundball, 13, EV 90.6 MPH)
Alberto Carrillo to third
Pitching: RHP Chris Worster
Batting: RHB Jon Shonka 0-0: Called Strike
0-1: Ball
1-1: Called Strike
1-2: Strikes out swinging
Top of the 9th over - 0 runs, 1 hit, 0 errors, 1 left on base; Orem 3 - Great Falls 29
Tuesday, September 13th , 2022 - OOTP Baseball 23.7 Build 88